 Dungeon Crawl Stone Soup version 0.27.0-1-g7a089689b8 (webtiles) character file.

Game seed: 5525434865087191971

24145 freelancePsychic the Thaumaturge (level 13, -4/96 HPs)
             Began as a Djinni Artificer on Aug 14, 2021.
             Was a Priest of Makhleb.
             Slain by a merfolk (19 damage)
             ... on level 4 of the Lair of Beasts.
             The game lasted 00:35:08 (24503 turns).

freelancePsychic the Thaumaturge (DjAr)            Turns: 24503, Time: 00:35:09

Health: -4/96      AC: 13    Str: 11    XL:     13   Next: 40%
Gold:   806        EV: 13    Int: 17    God:    Makhleb [***...] SH:  0 Dex: 15

rFire    + + +     SeeInvis .   a - +0 dagger
rCold    + . .     Faith    .   (no shield)
rNeg     . . .     Spirit   .   h - +1 ring mail {rF+}
rPois    ∞         Reflect  .   w - +0 helmet
rElec    .         Harm     .   r - scarf {rC+ rF+}
rCorr    .         Rampage  .   g - +1 pair of gloves
Will     +....                  (boots unavailable)
Stlth    +++.......             (no amulet)
HPRegen  0.26/turn              i - ring of ice
MPRegen  0.00/turn              s - +4 ring of protection

@: about to teleport, flying
A: sickness immunity, fire resistance 2, cold vulnerability 1, float, innate
caster, hp casting, extra vitality 1
a: Renounce Religion, Minor Destruction, Lesser Servant of Makhleb


You were on level 4 of the Lair of Beasts.
You worshipped Makhleb.
Makhleb was most pleased with you.
You visited 3 branches of the dungeon, and saw 14 of its levels.
You also visited: Bailey and Volcano.

You collected 806 gold pieces.

Inventory:

Hand Weapons
 a - a +0 dagger (weapon)
 c - a +0 club
 k - a +0 dagger of venom
 A - the +10 spear of Hubris {antimagic, rN+}
   (You found it on level 6 of the Dungeon)

   It reduces the magical energy of the wielder, and disrupts the spells and
   magical abilities of those it strikes.
   Natural abilities and divine invocations are not affected.
   rN:        It protects you from negative energy.
Armour
 g - a +1 pair of gloves (worn)
 h - a +1 ring mail of fire resistance (worn)
 p - a +0 leather armour
 r - a scarf of resistance (worn)
 w - a +0 helmet (worn)
Magical Staves
 b - a staff of conjuration
Jewellery
 i - a ring of ice (left hand)
 q - a ring of willpower
 s - a +4 ring of protection (right hand)
 u - a ring of see invisible
 E - an amulet of the acrobat
 G - a ring of resist corrosion
 H - a +4 ring of protection
Wands
 d - a wand of charming (12)
 v - a wand of flame (45)
 y - a wand of polymorph (13)
 z - a wand of mindburst (9)
Scrolls
 f - 2 scrolls of immolation
 j - 2 scrolls of magic mapping
 m - a scroll of fear
 x - 2 scrolls of enchant weapon
 D - 2 scrolls of vulnerability
 F - a scroll of torment
 J - 2 scrolls of fog
Potions
 l - 2 potions of haste {@q3}
 n - a potion of brilliance {unknown}
 o - 2 potions of might {unknown}
 t - 2 potions of heal wounds {unknown}
 C - 2 potions of flight {unknown}
 I - a potion of berserk rage {unknown}
 K - 2 potions of curing {@q1}
 N - 2 potions of invisibility {unknown}
Miscellaneous
 e - a piece from Xom's chessboard (15/15)
 M - a condenser vane (inert)


   Skills:
 - Level 10.0 Fighting
 - Level 5.5 Short Blades
 - Level 1.0 Armour
 + Level 7.5 Dodging
 - Level 6.3 Stealth
 + Level 5.1 Unarmed Combat
 - Level 11.4 Spellcasting
 - Level 3.0 Evocations


You had 16 spell levels left.
You knew the following spells:

 Your Spells              Type           Power      Damage    Failure   Level
a - Corona                Hex            53%        N/A       1%          1
b - Searing Ray           Conj           96%        3d7       1%          2
c - Spider Form           Tmut/Pois      24%        N/A       1%          3
d - Gell's Gravitas       Tloc           24%        N/A       1%          3
e - Petrify               Tmut/Erth      48%        N/A       1%          4
f - Blade Hands           Tmut           24%        N/A       4%          5
Your spell library was empty.

Dungeon Overview and Level Annotations

Branches:
Dungeon (9/15)             Temple (1/1) D:7            Lair (4/6) D:8
 Shoals (0/4) Lair:4        Snake (0/4) Lair:4       Bailey (visited)
Volcano (visited)
    Orc: D:9-12

Altars:
Ashenzari
Cheibriados
Elyvilon
Fedhas
Makhleb
Nemelex Xobeh
Okawaru
Ru
Sif Muna
Trog
Uskayaw
Vehumet
Wu Jian
Yredelemnul
The Shining One

Shops:
D:5 :

Annotations:
D:3 Natasha


Innate Abilities, Weirdness & Mutations

You are immune to sickness and miasma.
You are immune to poison.
Your flesh is very heat resistant. (rF++)
You are vulnerable to cold. (rC-)
You float through the air rather than walking.
You learn spells naturally, not from books.
Your magical power is your life essence.
You have superior vitality. (+4 HP)


Message History

Aim: a merfolk, wielding a +2 vorpal trident (chance to affect: 54%)
The merfolk resists with significant effort.
The merfolk hits you from afar with a +2 vorpal trident.
Casting: Petrify (mildly dangerous; 1% risk of failure)
Confirm with . or Enter, or press ? or * to list all spells.
Aiming: Petrify (mildly dangerous; 1% risk of failure)
Press: ? - help, Shift-Dir - straight line, f/p - merfolk
Aim: a merfolk, wielding a +2 vorpal trident (chance to affect: 54%)
The merfolk resists with significant effort.
The merfolk barely misses you.
Casting: Petrify (mildly dangerous; 1% risk of failure)
Confirm with . or Enter, or press ? or * to list all spells.
Aiming: Petrify (mildly dangerous; 1% risk of failure)
Press: ? - help, Shift-Dir - straight line, f/p - merfolk
Aim: a merfolk, wielding a +2 vorpal trident (chance to affect: 54%)
The merfolk resists with significant effort.
The merfolk hits you but does no damage.
Casting: Petrify (mildly dangerous; 1% risk of failure)
Confirm with . or Enter, or press ? or * to list all spells.
Aiming: Petrify (mildly dangerous; 1% risk of failure)
Press: ? - help, Shift-Dir - straight line, f/p - merfolk
Aim: a merfolk, wielding a +2 vorpal trident (chance to affect: 54%)
The merfolk resists with significant effort.
The merfolk hits you from afar with a +2 vorpal trident!
* * * LOW HITPOINT WARNING * * *
x2
As you read the scroll of teleportation {@r4}, it crumbles to dust.
You feel strangely unstable. The merfolk closely misses you.
You hit the merfolk.
The merfolk is lightly wounded.
The merfolk closely misses you.
You hit the merfolk but do no damage.
The merfolk is lightly wounded.
You hit the merfolk but do no damage.
The merfolk is lightly wounded.
The merfolk hits you with a +2 vorpal trident!
* * * LOW HITPOINT WARNING * * *
x2 You hit the merfolk but do no damage.
The merfolk is lightly wounded.
The merfolk hits you with a +2 vorpal trident!!
You die...

P.#
#...#≈≈≈#≈≈≈#≈≈≈#........>
..#
###.#≈≈≈#≈≈≈#≈)≈#.....[...
<## #≈≈≈#####≈≈≈#.........
## ####'≈≈≈#####...P#.###
# #≈≈≈>)≈≈#.†..P####
#####≈≈≈'####...P# #
#≈≈≈#####†≈≈#...### #
#≈m≈#≈≈≈#≈≈≈#...P.####
#≈≈≈#@≈≈#≈≈≈#.....##..
#m≈≈≈≈####.....P#..
#######.......####.
##.#...## ## #######


You could see a merfolk.

Vanquished Creatures
  4 hydras
  A lindwurm (Lair:4)
  An orc sorcerer (Volcano)
  2 black mambas
  A merfolk siren (Lair:4)
  A smoke demon (Volcano)
  6 cane toads
  A gargoyle (Volcano)
  2 rime drakes
  3 komodo dragons
  A merfolk (Lair:4)
  2 red devils (Volcano)
  2 hornets
  Prince Ribbit (Lair:3)
  5 blink frogs
  3 spriggans (Lair:1)
  2 wyverns
  35 yaks
  2 basilisks
  2 steam dragons (D:7)
  Grum (D:9)
  18 water moccasins
  5 orc warriors
  A hell hound (Volcano)
  A sky beast (D:6)
  2 ice beasts (D:6)
  3 black bears
  3 centaurs
  A necrophage (D:5)
  5 ogres
  7 wolves
  A phantom (D:5)
  A kobold brigand (D:9)
  18 bullfrogs
  A gnoll sergeant (D:7)
  A wyvern zombie (D:7)
  A scorpion (D:6)
  A water moccasin zombie (D:6)
  2 water moccasin skeletons (D:5)
  4 killer bees
  2 wights
  A howler monkey (D:6)
  4 centaur zombies
  2 lava snakes (Volcano)
  4 jellies
  4 orc priests
  8 iguanas
  8 orc wizards
  4 gnolls (D:7)
  7 adders
  3 ufetubi
  2 adder skeletons (D:4)
  A worm (D:3)
  7 dart slugs
  32 orcs
  10 ball pythons
  8 endoplasms
  5 giant cockroaches
  11 goblins
  7 hobgoblins
  11 kobolds
  3 quokkas
  4 bats
  6 frilled lizards
  7 rats
315 creatures vanquished.

Vanquished Creatures (collateral kills)
  A howler monkey (D:9)
  A dart slug (D:9)
  A rat (D:1)
3 creatures vanquished.

Vanquished Creatures (others)
  A howler monkey (D:9)
  A goblin (D:1)
  A frilled lizard (D:1)
  31 fungi
  60 plants
94 creatures vanquished.

Grand Total: 412 creatures vanquished

Notes
Turn   | Place    | Note
-------+----------+-------------------------------------------
     0 | D:1      | freelancePsychic the Djinni Artificer began the quest for
                  | the Orb.
     0 | D:1      | Reached XP level 1. HP: 17/17 MP: 0/0
   170 | D:1      | Reached XP level 2. HP: 11/22 MP: 0/0
   560 | D:1      | Reached skill level 1 in Spellcasting
   755 | D:1      | Reached XP level 3. HP: 5/28 MP: 0/0
   755 | D:1      | Learned a level 1 spell: Corona
   828 | D:2      | Found a glowing golden altar of the Shining One.
  1269 | D:2      | Noticed Natasha
  1648 | D:1      | You are sucked into a shaft and drop 1 floor!
  1907 | D:3      | Reached XP level 4. HP: 17/34 MP: 0/0
  3038 | D:2      | Found a faded altar of an unknown god.
  3370 | D:3      | Reached skill level 2 in Spellcasting
  3585 | D:4      | Reached XP level 5. HP: 35/40 MP: 0/0
  3585 | D:4      | Learned a level 2 spell: Searing Ray
  3628 | D:4      | Noticed an ogre
  3654 | D:4      | Killed an ogre
  3655 | D:4      | Reached XP level 6. HP: 1/47 MP: 0/0
  4076 | D:4      | Reached skill level 3 in Spellcasting
  5193 | D:4      | Reached XP level 7. HP: 32/52 MP: 0/0
  5193 | D:4      | Learned a level 3 spell: Spider Form
  5535 | D:4      | Reached skill level 4 in Spellcasting
  6301 | D:5      | Entered Level 5 of the Dungeon
  6355 | D:5      | Reached skill level 5 in Fighting
  6358 | D:5      | Reached XP level 8. HP: 22/59 MP: 0/0
  6944 | D:5      | Reached skill level 5 in Spellcasting
  7240 | D:5      | Found Guhezxoa's Book Shoppe.
  7645 | D:6      | Reached skill level 6 in Spellcasting
  7693 | D:6      | Reached XP level 9. HP: 59/66 MP: 0/0
  7693 | D:6      | Learned a level 3 spell: Gell's Gravitas
  7763 | D:6      | Reached skill level 7 in Spellcasting
  8189 | D:6      | Reached XP level 10. HP: 60/76 MP: 0/0
  8270 | D:6      | Reached skill level 8 in Spellcasting
  8534 | D:6      | Identified the +10 spear of Hubris {antimagic, rN+}
  8751 | D:6      | Found a glowing golden altar of the Shining One.
  8756 | D:6      | Found a basalt altar of Yredelemnul.
  8765 | D:6      | Found an ornate altar of the Wu Jian Council.
  8765 | D:6      | Found a hide-covered altar of Uskayaw.
  9546 | D:6      | Reached skill level 9 in Spellcasting
  9790 | D:7      | Found a staircase to the Ecumenical Temple.
  9796 | Temple   | Entered the Ecumenical Temple
  9929 | Temple   | Became a worshipper of Makhleb the Destroyer
 10181 | D:7      | Identified the +7 whip "Nuagaasu" {vorpal, rN+ Will+}
 11252 | D:8      | Found a flagged portal.
 11357 | Bailey   | Entered a bailey
 11404 | Bailey   | Reached * piety under Makhleb
 12817 | D:8      | Reached XP level 11. HP: 82/84 MP: 0/0
 12817 | D:8      | Learned a level 4 spell: Petrify
 13349 | D:8      | Reached skill level 10 in Spellcasting
 13802 | D:8      | Found a staircase to the Lair.
 14374 | D:9      | Noticed Grum
 14394 | D:8      | Reached skill level 10 in Fighting
 14784 | D:9      | Killed Grum
 14857 | D:9      | Noticed a two-headed ogre
 14880 | D:9      | Found a snail-covered altar of Cheibriados.
 15217 | Lair:1   | Entered Level 1 of the Lair of Beasts
 15302 | Lair:1   | Reached ** piety under Makhleb
 15413 | Lair:1   | Reached skill level 5 in Dodging
 15833 | Lair:1   | Reached skill level 1 in Stealth
 16171 | Lair:1   | Reached skill level 1 in Short Blades
 17250 | Lair:2   | Reached XP level 12. HP: 53/91 MP: 0/0
 17515 | Lair:2   | Noticed a five-headed hydra
 19767 | Lair:2   | Killed a five-headed hydra
 19767 | Lair:2   | Reached *** piety under Makhleb
 19947 | Lair:3   | Found a dark tunnel.
 19953 | Volcano  | Entered a volcano
 19979 | Volcano  | Reached skill level 11 in Spellcasting
 20027 | Volcano  | Found a burning altar of Makhleb.
 20462 | Volcano  | HP: 3/91 [gargoyle/stone arrow (24)]
 20861 | Lair:3   | Noticed a five-headed hydra
 20874 | Lair:3   | Killed a five-headed hydra
 20903 | Lair:3   | Noticed an eight-headed hydra
 20947 | Lair:2   | Reached skill level 5 in Stealth
 21091 | Lair:3   | Reached skill level 5 in Short Blades
 21419 | Lair:3   | Killed an eight-headed hydra
 21487 | Lair:3   | Noticed Prince Ribbit
 21500 | Lair:3   | Killed Prince Ribbit
 21818 | Lair:3   | Reached XP level 13. HP: 94/96 MP: 0/0
 21818 | Lair:3   | Learned a level 5 spell: Blade Hands
 21958 | Lair:3   | Reached skill level 1 in Unarmed Combat
 22440 | Lair:3   | Noticed a catoblepas
 23516 | Lair:4   | Found a staircase to the Snake Pit.
 23715 | Lair:4   | Noticed a seven-headed hydra
 23732 | Lair:4   | Killed a seven-headed hydra
 24320 | Lair:4   | Found a staircase to the Shoals.
 24335 | Lair:4   | Reached skill level 5 in Unarmed Combat
 24503 | Lair:4   | Slain by a merfolk

Illustrated notes

Levels and vault maps discovered:
D:1:      grunt_arrival_crossed_arrows, layout_loops_ring
D:2:      layout_basic, basic_altar, shapermc_ecumenical_altar_notcrosses,
          minmay_pentomino_pile, uniq_natasha
D:3:      kennysheep_slugbush, layout_basic, st_stairs_6
D:4:      layout_gridville, minmay_lizard_king
D:5:      layout_basic, serial_shops, shop
D:6:      layout_cave_pools, minmay_overflow_temple_star_hex,
          minmay_quadrilaterals
D:7:      layout_layer_cave, minmay_temple_entry_hall, minmay_alternating_orb
D:8:      layout_layer_cave, grunt_lair_entry_orc_guard_hut, enter_bailey_5,
          hangedman_decor_peaks_small
D:9:      layout_roguey, chequers_temple_overflow_minitemple,
          kennysheep_slug_shrine, uniq_grum
Temple:   jpeg_temple_island
Lair:1:   layout_roguey, wad_woods_02, serial_bayou_shore_b, lemuel_fruit_fields
Lair:2:   layout_cave_pods
Lair:3:   layout_hall_layers, nicolae_volcano_entry_hallway, minmay_holes,
          uniq_prince_ribbit2
Lair:4:   layout_concentric_octagons, elwin_shoals_entry_rooms,
          minmay_snake_entry_six_corridors

Skill      XL: |  1  2  3  4  5  6  7  8  9 10 11 12 13 |
---------------+----------------------------------------+-----
Spellcasting   | 1 2 3 4 6 7 9 10 11 | 11.4
Fighting       | 2 3 4 5 6 7 9 10 | 10.0
Dodging        | 6 7 |  7.5
Stealth        | 2 5 6 |  6.3
Short Blades   | 2 5 |  5.5
Unarmed Combat | 5 |  5.1
Armour         | |  1.0
Evocations     | |  3.0

Action                   |  1- 3 |  4- 6 |  7- 9 | 10-12 | 13-15 || total
-------------------------+-------+-------+-------+-------+-------++-------
Melee: Club              |    43 |       |       |       |       ||    43
       Dagger            |    95 |   128 |     1 |   173 |   100 ||   497
       Staff             |       |       |       |     3 |       ||     3
       Unarmed           |       |       |       |       |    21 ||    21
       Punch             |       |       |       |       |     3 ||     3
 Cast: Corona            |     8 |     4 |       |       |       ||    12
       Searing Ray       |       |    33 |    60 |   123 |       ||   216
       Gell's Gravitas   |       |       |     3 |       |       ||     3
       Petrify           |       |       |       |    90 |    37 ||   127
       Blade Hands       |       |       |       |       |     2 ||     2
Evoke: Wand              |    22 |     2 |       |     7 |       ||    31
       Condenser vane    |       |       |       |       |     1 ||     1
  Use: Scroll            |     2 |     3 |     1 |     8 |     5 ||    19
       Potion            |       |     2 |       |     8 |       ||    10
 Stab: Distracted        |       |     1 |       |       |       ||     1
       Petrified         |       |       |       |   119 |    26 ||   145
       Petrifying        |       |       |       |     4 |    14 ||    18
       Sleeping          |       |       |       |     5 |     4 ||     9
Armor: Leather armour    |    81 |    45 |    15 |   140 |     5 ||   286
       Skin              |       |    19 |       |       |       ||    19
       Ring mail         |       |       |       |       |    27 ||    27
Dodge: Dodged            |   126 |   101 |    23 |   301 |    69 ||   620
